 Dungeon Crawl Stone Soup version 0.31.0-32-g396128a36d (webtiles) character file.

Game seed: 12414534996151096803

4 tizbic2 the Charlatan (level 1, 0/16 HPs)
             Began as a Ghoul Artificer on Mar 24, 2024.
             Constricted to death by a ball python (1 damage)
             ... on level 1 of the Dungeon.
             The game lasted 00:00:30 (100 turns).

tizbic2 the Charlatan (Ghoul Artificer)              Turns: 100, Time: 00:00:31

Health: 0/16       AC:  3    Str: 15    XL:     1   Next: 70%
Magic:  1/1        EV:  8    Int: 10    God:
Gold:   36         SH:  0    Dex:  9    Spells: 0/0 levels left

rFire   . . .        a - +0 club
rCold   + . .        (no shield)
rNeg    + + +        b - +0 leather armour
rPois   ∞            (no helmet)
rElec   .            (no cloak)
rCorr   .            (no gloves)
SInv    .            (no boots)
Will    .....        (no amulet)
Stlth   +            (no ring)
HPRegen 0.00/turn    (no ring)
MPRegen 0.07/turn

%: no passive effects
@: inhibited regen, constricted
A: claws 1, cold resistance 1, negative energy resistance 3, inhibited
regeneration, torment resistance 2, devour on kill
a: no special abilities


You were on level 1 of the Dungeon.
You visited 1 branch of the dungeon, and saw 1 of its levels.

You collected 36 gold pieces.

Inventory:

Hand Weapons
 a - a +0 club (weapon)
Armour
 b - a +0 leather armour (worn)
Wands
 c - a wand of flame (15) (quivered)
 d - a wand of charming (15)
 e - a wand of iceblast (5)


   Skills:
 + Level 1.2 Fighting
 * Level 0.4 Staves
 + Level 1.8 Armour
 - Level 0.8 Dodging
 - Level 1.1 Stealth
 + Level 0.1 Spellcasting
 * Level 2.7 Evocations


You couldn't memorise any spells.
You didn't know any spells.
Your spell library was empty.

Dungeon Overview and Level Annotations

Branches:
Dungeon (1/15)

Altars:


Innate Abilities, Weirdness & Mutations

You are immune to poison.
You have sharp fingernails.
Your flesh is cold resistant. (rC+)
You are immune to negative energy. (rN+++)
You do not regenerate when monsters are visible.
You are immune to unholy pain and torment.
You thrive by killing the living.


Message History

You now have 36 gold pieces (gained 12).
The hobgoblin hits you.
You hit the hobgoblin but do no damage. The hobgoblin hits you.
You hit the hobgoblin.
The hobgoblin is heavily wounded.
The hobgoblin hits you.
You hit the hobgoblin.
You kill the hobgoblin!
You feel better.
A ball python comes into view.
The ball python hisses angrily.
A rat comes into view.
Found 13 gold pieces.
The rat squeaks loudly.
Found a runed scarf.
A goblin comes into view. It is wielding a +0 club.
Found an escape hatch in the floor.
The goblin shouts!
The ball python closely misses you. The ball python grabs you.
The ball python constricts you.
You completely miss the ball python. The ball python barely misses you.
The ball python constricts you.
You hit the ball python.
The ball python is severely wounded.
The ball python bites you but does no damage.
The ball python constricts you. The goblin hits you with a +0 club.
The ball python bites you.
* * * LOW HITPOINT WARNING * * *
The ball python constricts you.
* * * LOW HITPOINT WARNING * * *
You closely miss the goblin. The goblin barely misses you.
The ball python bites you but does no damage.
The ball python constricts you. The goblin hits you with a +0 club.
* * * LOW HITPOINT WARNING * * *
You barely miss the goblin. The ball python closely misses you.
The ball python constricts you. The goblin completely misses you.
The ball python bites you.
* * * LOW HITPOINT WARNING * * *
The ball python constricts you.
You die...

....##.#.....######
.....+######.### ......#
#...# ####### ......#
.#####.#####.....##
......#...................##
......##.######.............
......# ####..........
.....## ####.........#
....## #.@Sr......... ...##
#.g##.......... ..## #.#
#.........# .## #.>
#.........# #.. #.........#
#..# #.........# #.#
#....$.... .. ........[


You could see a goblin, a ball python and a rat.

Vanquished Creatures
  An endoplasm (D:1)
  2 hobgoblins (D:1)
  A frilled lizard (D:1)
4 creatures vanquished.

Notes
Turn   | Place    | Note
-------+----------+-------------------------------------------
     0 | D:1      | tizbic2 the Ghoul Artificer began the quest for the Orb.
     0 | D:1      | Reached XP level 1. HP: 16/16 MP: 1/1
   100 | D:1      | Constricted to death by a ball python

Illustrated notes

Levels and vault maps discovered:
D:1:      lemuel_arrival_rhombus, layout_rooms, minmay_misc_feat_nine_boxes,
          chequers_serial_rivers_micro_c, st_stairs_12, minmay_tetromino_i4

Action                     || total
---------------------------++-------
  Melee: Club              ||    18
 Armour: Leather armour    ||    14
  Dodge: Dodged            ||    11
